AoeStats
← jacob

Arabia

510483479Analyzed
1v1 RM · 13h ago on Oct 1, 2026· 38m 59s· 2 players
Game mode
Random Map
Map size
Tiny (2 player)
Population
200
Speed
Normal
Resources
Standard
Victory
Conquest
Starting age
Dark Age
Ending age
Imperial Age
RankedLock teamsTeams togetherTeam positionsShared explorationLock speedFull tech treeHidden civsTurbo modeCheats
Victory
Defeat
🇹🇼 Khmer · Taiwan
919
+15
🇮🇱 Franks · Israel
898
-15
jacob
4:27 Loom
10:33 Feudal Age
11:11 Double-Bit Axe
14:04 Wheelbarrow
15:30 Scale Barding Armor
15:36 Forging
17:01 Gold Mining
19:41 Stone Mining
24:23 Castle Age
22:33 Scale Mail Armor
22:54 Fletching
25:16 Bow Saw
25:08 Husbandry
26:52 Gold Shaft Mining
28:09 Hand Cart
31:37 Bodkin Arrow
32:19 Iron Casting
33:47 Chain Barding Armor
33:42 Chain Mail Armor
33:26 Murder Holes
33:42 Masonry
33:13 Treadmill Crane
33:44 Fortified Wall
35:36 Ordonnance Companies
41:17 Imperial Age
39:16 Ballistics
shinybeast0926
7:20 Loom
10:30 Feudal Age
11:16 Double-Bit Axe
11:13 Horse Collar
13:24 Wheelbarrow
21:16 Castle Age
19:25 Gold Mining
19:59 Scale Mail Armor
20:16 Stone Mining
22:40 Bow Saw
22:03 Pikeman
25:34 Gold Shaft Mining
29:24 Chain Mail Armor
33:39 Imperial Age
31:29 Bloodlines
31:20 Husbandry
31:53 Light Cavalry
32:47 Forging
32:43 Scale Barding Armor
33:28 Fletching
33:51 Halberdier
34:40 Hussar
36:15 Chain Barding Armor
Connection lost

Rejoining the realm…

Still unreachable

The connection could not be restored.

Session expired

The server has moved on; the page needs a fresh start.